 Dungeon Sprint DCSS version 0.31-a0-1-g4198be8af4 (webtiles) character file.

Game seed: 3672199771935177333

226 sircluck the Covert (level 6, 0/33 (34) HPs)
             Began as a Kobold Enchanter on May 2, 2023.
             Was a Priest of Dithmenos.
             Slain by a wight
             ... wielding a +0 spear
              (4 damage)
             ... in the Dungeon (Sprint VII: "The Pits").
             The game lasted 00:02:23 (382 turns).

sircluck the Covert (Kobold Enchanter)               Turns: 382, Time: 00:02:24

HP:   0/33 (34)     AC:  2    Str:  5    XL:     6   Next: 21%
MP:   5/13          EV: 17    Int: 17    God:    Dithmenos [***...]
Gold: 0             SH:  0    Dex: 17    Spells: 5/14 levels left

rFire   . . .        n - +1 dagger (drain)
rCold   . . .        (no shield)
rNeg    . . .        b - +0 robe
rPois   .            (no helmet)
rElec   .            (no cloak)
rCorr   .            (no gloves)
SInv    .            (no boots)
Will    .....        (no amulet)
Stlth   ++++++++     (no ring)
HPRegen 0.25/turn    (no ring)
MPRegen 0.13/turn

%: no teleportation
@: wreathed by umbra, lightly drained
A: small, no large weapons, nightstalker 3
a: Renounce Religion, Shadow Step


You were in the Dungeon.
You worshipped Dithmenos.
Dithmenos was most pleased with you.
You visited 1 branch

Inventory:

Hand Weapons
 a - a +1 dagger
 m - a +2 dagger
 n - a +1 dagger of draining (weapon)
Missiles
 l - 5 stones (quivered)
Armour
 b - a +0 robe (worn)
Scrolls
 i - a scroll of blinking
 j - 5 scrolls of amnesia
 k - a scroll of butterflies
Potions
 c - 4 potions of invisibility
 d - 6 potions of curing
 e - 6 potions of heal wounds
 f - a potion of haste
 g - 4 potions of magic
 h - 3 potions of berserk rage


   Skills:
 + Level 1.0 Fighting
 + Level 4.6 Short Blades
 + Level 0.8 Throwing
 + Level 5.8 Dodging
 + Level 10.6 Stealth
 + Level 4.8 Spellcasting
 + Level 6.9 Hexes


You had 5 spell levels left.
You knew the following spells:

 Your Spells              Type           Power      Damage    Failure   Level
a - Tukima's Dance        Hex            27%        N/A       2%          3
b - Confusing Touch       Hex            27%        N/A       2%          3
c - Dazzling Flash        Conj/Hex       30%        N/A       11%         3

Your spell library contained the following spells:

 Spells                   Type           Power      Damage    Failure   Level
 Ensorcelled Hibernation  Hex/Ice        30%        N/A       5%          2


Dungeon Overview and Level Annotations

Branches:
Dungeon (1/1)

Altars:
Ashenzari
Cheibriados
Dithmenos
Elyvilon
Fedhas
Gozag
Hepliaklqana
Kikubaaqudgha
Makhleb
Nemelex Xobeh
Okawaru
Qazlal
Ru
Sif Muna
Trog
Uskayaw
Vehumet
Wu Jian
Xom
Yredelemnul
Zin
The Shining One
Jiyva
Lugonu


Innate Abilities, Weirdness & Mutations

You are small and have problems with some larger weapons.
You are completely attuned to the shadows.


Message History

Something hits the wight.
You hit the phantom but do no damage.
The phantom is moderately damaged.
The wight closely misses you. The phantom misses you.
The wight hits you from afar with a +0 spear.
You hit the phantom.
The phantom is heavily damaged.
The wight misses you. The wight closely misses you.
The phantom barely misses you.
Something hits the wight.
You barely miss the phantom.
The phantom is heavily damaged.
The phantom misses you.
The wight hits you from afar with a +0 spear!
Something closely misses the wight.
You hit the phantom but do no damage.
The phantom is heavily damaged.
The phantom hits you. The wight misses you.
You miss the phantom.
The phantom is heavily damaged.
Something hits the wight but does no damage.
You hit the phantom but do no damage.
The phantom is heavily damaged.
The phantom closely misses you. The wight barely misses you.
You barely miss the phantom.
The phantom is heavily damaged.
Something hits the wight.
The wight barely misses you. The phantom hits you.
* * * LOW HITPOINT WARNING * * *
You barely miss the phantom.
The phantom is heavily damaged.
You hit the phantom.
The phantom is heavily damaged.
The wight closely misses you. The phantom hits you.
* * * LOW HITPOINT WARNING * * *
Something closely misses the wight.
You closely miss the phantom.
The phantom is heavily damaged.
The phantom hits you.
* * * LOW HITPOINT WARNING * * *
The wight hits you from afar with a +0 spear.
You die...

#.#))#####'#####'###
#.#.)#.....##.......
#.#))#....†##.......
#.#[[###)####.......
#.##'#.....##...<...
#.#........##.......
#.#........##.......
#'###########.......
#.z@W... ########
#...#z.. #.[.# ..
#.##.# . #.. #.. #..
..


You could see a phantom and 2 wights.

Vanquished Creatures
  A bullfrog (D)
  A scorpion (D)
  A jelly (D)
  A river rat (D)
  An ufetubus (D)
  A bat (D)
  2 goblins (D)
  A quokka (D)
  A rat (D)
10 creatures vanquished.

Vanquished Creatures (collateral kills)
  A wight (D)
1 creature vanquished.

Vanquished Creatures (others)
  A dancing weapon (D)
1 creature vanquished.

Grand Total: 12 creatures vanquished

Notes
Turn   | Place    | Note
-------+----------+-------------------------------------------
     0 | D        | sircluck the Kobold Enchanter began the quest for the Orb.
     0 | D        | Reached XP level 1. HP: 10/10 MP: 3/3
    15 | D        | Reached skill level 5 in Stealth
    43 | D        | Found a bloodstained altar of Trog.
    43 | D        | Found a shimmering blue altar of Sif Muna.
    43 | D        | Found a viscous altar of Jiyva.
    43 | D        | Found a hazy altar of Hepliaklqana.
    43 | D        | Found an opulent altar of Gozag.
    44 | D        | Found a glowing golden altar of the Shining One.
    44 | D        | Found a glowing silver altar of Zin.
    44 | D        | Found a sacrificial altar of Ru.
    44 | D        | Found a stormy altar of Qazlal.
    44 | D        | Found a blossoming altar of Fedhas.
    47 | D        | Found an iron altar of Okawaru.
    47 | D        | Found a basalt altar of Yredelemnul.
    47 | D        | Found a white marble altar of Elyvilon.
    48 | D        | Found a sparkling altar of Nemelex Xobeh.
    48 | D        | Found a shimmering altar of Xom.
    48 | D        | Found a shadowy altar of Dithmenos.
    49 | D        | Found a burning altar of Makhleb.
    49 | D        | Found an ornate altar of the Wu Jian Council.
    49 | D        | Found a snail-covered altar of Cheibriados.
    50 | D        | Found a corrupted altar of Lugonu.
    50 | D        | Found a radiant altar of Vehumet.
    51 | D        | Found an ancient bone altar of Kikubaaqudgha.
    51 | D        | Found a hide-covered altar of Uskayaw.
    51 | D        | Found a broken altar of Ashenzari.
    60 | D        | Became a worshipper of Dithmenos the Shadowed
    77 | D        | Reached XP level 2. HP: 15/15 MP: 5/5
   128 | D        | Reached * piety under Dithmenos
   132 | D        | Reached skill level 6 in Stealth
   144 | D        | Noticed a scorpion
   167 | D        | Killed a scorpion
   168 | D        | Reached skill level 8 in Stealth
   168 | D        | Reached skill level 5 in Hexes
   168 | D        | Reached XP level 3. HP: 16/19 MP: 8/8
   168 | D        | Reached XP level 4. HP: 20/24 MP: 9/9
   175 | D        | Reached ** piety under Dithmenos
   180 | D        | Reached XP level 5. HP: 3/28 MP: 9/11
   332 | D        | Noticed a bullfrog
   340 | D        | Learned a level 3 spell: Tukima's Dance
   344 | D        | Learned a level 3 spell: Confusing Touch
   348 | D        | Learned a level 3 spell: Dazzling Flash
   358 | D        | Killed a bullfrog
   359 | D        | Reached skill level 5 in Dodging
   359 | D        | Reached skill level 10 in Stealth
   361 | D        | Reached *** piety under Dithmenos
   362 | D        | Reached skill level 1 in Fighting
   362 | D        | Reached XP level 6. HP: 23/34 MP: 9/13
   382 | D        | Slain by a wight

Illustrated notes

Levels and vault maps discovered:
D:        pitsprint [storerooms_1, entrance_room_1, metal_vault_2, armoury_2,
          mini_pit_1, grid_room_1, main_hall_1, silver_pit, the_coven_2,
          the_vestibule_1, steel_vault_1, golden_pit, hallway_of_sentries,
          crystal_vault_2, iron_vault_5, final_vault]

Skill      XL: |  1  2  3  4  5 |
---------------+----------------+-----
Stealth        | 5 8 10 | 10.6
Dodging        | 4 5 |  5.8
Spellcasting   | 3 4 |  4.8
Hexes          | 5 6 |  6.9
Short Blades   | 2 3 4 |  4.6
Fighting       | 1 |  1.0
Throwing       | |  0.8

Action                     |  1- 3 |  4- 6 || total
---------------------------+-------+-------++-------
  Melee: Dagger            |    32 |    34 ||    66
  Throw: Stone             |     5 |       ||     5
   Cast: Tukima's Dance    |       |     2 ||     2
         Confusing Touch   |       |     1 ||     1
   Stab: Sleeping          |     4 |       ||     4
 Armour: Robe              |     1 |     3 ||     4
  Dodge: Dodged            |    26 |    50 ||    76

Table legend: (Time is in decaauts)
 A = Elapsed time spent in this place.
 B = Non-inter-level travel time spent in this place.
 C = Inter-level travel time spent in this place.
 D = Time resting spent in this place.
 E = Time spent auto-exploring this place.
 F = Levels seen in this place.
 G = Mean time per level.
                   A        B        C        D        E       F      G
               +--------+--------+--------+--------+--------+-----+--------+
         Total |    373 |    373 |      0 |    100 |     97 |   1 |  373.0 |
       Dungeon |    373 |    373 |      0 |    100 |     97 |   1 |  373.0 |
               +--------+--------+--------+--------+--------+-----+--------+

Top non-repeatable levels by time:
       D: 373 daAuts
